 Dungeon Crawl Stone Soup version 0.24-a0-475-g5b41c6f198 (webtiles) character file.

Game seed: 11504005100090000016

46 Inarius the Chucker (level 3, -7/28 HPs)
             Began as a Demonspawn Hunter on July 5, 2019.
             Mangled by an iguana (11 damage)
             ... on level 2 of the Dungeon.
             The game lasted 00:01:30 (1469 turns).

Inarius the Chucker (Demonspawn Hunter)             Turns: 1469, Time: 00:01:31

Health: -7/28      AC:  4    Str: 13    XL:     3   Next: 44%
Magic:  3/3        EV: 12    Int: 12    God:
Gold:   81         SH:  0    Dex: 15    Spells: 2/2 levels left

rFire    + . .     SeeInvis .   h - +0 hand axe
rCold    . . .     Gourm    .   (no shield)
rNeg     . . .     Faith    .   b - +0 leather armour
rPois    .         Spirit   .   (helmet restricted)
rElec    .         Reflect  .   l - +0 cloak
rCorr    .         Harm     .   (no gloves)
MR       .....                  (no boots)
Stlth    +.........             (no amulet)
HPRegen  0.09/turn              (no ring)
MPRegen  0.08/turn              (no ring)

@: no status effects
A: horns 1, agile 1, fire resistance 1, MP-powered wands
a: no special abilities


You were on level 2 of the Dungeon.
You were not hungry.

You visited 1 branch of the dungeon, and saw 2 of its levels.

You collected 81 gold pieces.

Inventory:

Hand Weapons
 h - a +0 hand axe (weapon)
Missiles
 a - 3 silver javelins
 c - 6 javelins (quivered)
 d - 2 throwing nets
Armour
 b - a +0 leather armour (worn)
 l - a +0 cloak (worn)
Scrolls
 i - a scroll of teleportation {unknown}
 j - 2 scrolls of fear {unknown}
 o - a scroll of noise {unknown}
Potions
 g - a potion of berserk rage {unknown}
 k - a potion of degeneration {unknown}
 m - a potion of lignification {unknown}
Comestibles
 f - 2 rations
 n - 2 chunks of flesh


   Skills:
 + Level 2.3 Fighting
 * Level 1.8 Axes
 - Level 3.6 Throwing
 + Level 1.0 Armour
 + Level 2.2 Dodging
 - Level 0.8 Stealth


You had 2 spell levels left.
You didn't know any spells.
Your spell library was empty.

Dungeon Overview and Level Annotations

Branches:
Dungeon (2/15)

Altars:


Innate Abilities, Weirdness & Mutations

You have a pair of small horns on your head.
Your flesh is heat resistant. (rF+)
You are agile. (Dex +2)
You expend magic power (3 MP) to strengthen your wands.


Message History

You are too injured to fight recklessly!
You are too injured to fight recklessly!
You are too injured to fight recklessly!
You are too injured to fight recklessly!
You are too injured to fight recklessly!
You are too injured to fight recklessly!
You are too injured to fight recklessly!
You are too injured to fight recklessly!
You are too injured to fight recklessly!
You are too injured to fight recklessly!
You are too injured to fight recklessly!
You are too injured to fight recklessly!
You are too injured to fight recklessly!
You are too injured to fight recklessly!
It was a potion of mutation.
You feel extremely strange.
You feel clever.
You feel stupid.
You feel your magical essence link to your wands.
You feel agile. The iguana bites you!
You die...

####### ##
##.....#...
##..........
#...........
#...........
#.<@l.......
#....)......
#...........
##..........
##.....#...
####### .# #


You could see an iguana.

Vanquished Creatures
  2 oozes (D:1)
  5 dart slugs
  A giant cockroach (D:1)
  5 goblins
  2 hobgoblins (D:1)
  4 kobolds (D:1)
  2 bats (D:1)
  5 rats (D:1)
26 creatures vanquished.

Notes
Turn   | Place    | Note
-------+----------+-------------------------------------------
     0 | D:1      | Inarius the Demonspawn Hunter began the quest for the Orb.
     0 | D:1      | Reached XP level 1. HP: 16/16 MP: 1/1
   202 | D:1      | Gained mutation: Your flesh is heat resistant. (rF+)
                  | [demonic ancestry]
   202 | D:1      | Reached XP level 2. HP: 11/22 MP: 2/2
   206 | D:1      | Reached skill level 1 in Axes
   997 | D:1      | Gained mutation: You have a pair of small horns on your
                  | head. [demonic ancestry]
   997 | D:1      | Reached XP level 3. HP: 22/27 MP: 3/3
  1462 | D:2      | Reached skill level 1 in Armour
  1469 | D:2      | Gained mutation: Your mind is acute. (Int +2) [potion of
                  | mutation]
  1469 | D:2      | Lost mutation: Your mind is acute. (Int +2) [potion of
                  | mutation]
  1469 | D:2      | Gained mutation: You expend magic power (3 MP) to
                  | strengthen your wands. [potion of mutation]
  1469 | D:2      | Gained mutation: You are agile. (Dex +2) [potion of
                  | mutation]
  1469 | D:2      | Mangled by an iguana

Levels and vault maps discovered:
D:1:      lemuel_arrival_hallway, layout_loops_cross, serial_bayou_lagoon_a,
          minmay_misc_feat_iff
D:2:      layout_rooms

Skill      XL: |  1  2  3 |
---------------+----------+-----
Dodging        | 2 |  2.2
Axes           | 1 |  1.8
Armour         | 1 |  1.0
Fighting       | |  2.3
Throwing       | |  3.6
Stealth        | |  0.8

Action                   || total
-------------------------++-------
Melee: Hand axe          ||    97
       Short sword       ||     1
       Headbutt          ||     6
  Use: Potion            ||     1
 Stab: Sleeping          ||     1
  Eat: Chunk             ||     2
Armor: Leather armour    ||    43
Dodge: Dodged            ||    82

Table legend:
 A = Non-vault XP
 B = Vault XP
 C = Vault XP percentage of total XP
 D = Non-vault monster count
 E = Vault monster count
 F = Vault count percentage of total count
                 A         B        C        D         E       F
            +---------+---------+-------+---------+---------+-------
      Total |      66 |       0 |   0.0 |      26 |       0 |   0.0
            +---------+---------+-------+---------+---------+-------
        D:1 |      60 |       0 |   0.0 |      24 |       0 |   0.0
        D:2 |       6 |       0 |   0.0 |       2 |       0 |   0.0
            +---------+---------+-------+---------+---------+-------
